 Dungeon Crawl Stone Soup version 0.27-a0-1191-g601b473118 (webtiles) character file.

Game seed: 13464829990399728675

147 polve the Slasher (level 5, -1/38 HPs)
             Began as a Demonspawn Gladiator on May 23, 2021.
             Slain by a hound (5 damage)
             ... on level 3 of the Dungeon.
             The game lasted 00:01:36 (2744 turns).

polve the Slasher (Demonspawn Gladiator)            Turns: 2744, Time: 00:01:37

Health: -1/38      AC:  3    Str: 15    XL:     5   Next: 8%
Magic:  5/5        EV: 16    Int: 10    God:
Gold:   139        SH:  0    Dex: 14    Spells: 4/4 levels left

rFire    . . .     SeeInvis .   a - +0 long sword
rCold    . . .     Faith    .   (no shield)
rNeg     . . .     Spirit   .   b - +0 leather armour
rPois    .         Reflect  .   (helmet restricted)
rElec    .         Harm     .   (no cloak)
rCorr    .         Rampage  .   (no gloves)
Will     .....                  (no boots)
Stlth    +.........             (no amulet)
HPRegen  0.12/turn              f - +4 ring of evasion
MPRegen  0.09/turn              (no ring)

@: no status effects
A: antennae 1, sturdy frame 1
a: no special abilities


You were on level 3 of the Dungeon.
You visited 1 branch of the dungeon, and saw 4 of its levels.

You collected 139 gold pieces.

Inventory:

Hand Weapons
 a - a +0 long sword (weapon)
Missiles
 d - 3 throwing nets (quivered)
Armour
 b - a +0 leather armour (worn)
 c - a +0 helmet
Jewellery
 f - a +4 ring of evasion (left hand)
 h - a ring of protection from cold
Scrolls
 e - 3 scrolls of teleportation {unknown}
 g - a scroll of fog {unknown}
 i - a scroll of vulnerability {unknown}
 j - a scroll of enchant armour {unknown}
 l - 2 scrolls of identify {unknown}
 n - a scroll of holy word {unknown}
Potions
 k - a potion of haste {unknown}
 m - a potion of curing {unknown}
 o - a potion of invisibility {unknown}
 p - a potion of might {unknown}


   Skills:
 - Level 2.0 Fighting
 + Level 5.3 Long Blades
 - Level 1.7 Throwing
 - Level 2.6 Dodging


You had 4 spell levels left.
You didn't know any spells.
Your spell library contained the following spells:

 Spells                   Type           Power      Damage    Failure   Level
 Beastly Appendage        Tmut           0%         N/A       36%         1
 Wereblood                Tmut           0%         N/A       52%         2
 Spider Form              Tmut/Pois      0%         N/A       75%         3
 Ice Form                 Ice/Tmut       0%         N/A       98%         4
 Hydra Form               Tmut           0%         N/A       100%        5


Dungeon Overview and Level Annotations

Branches:
Dungeon (4/15)
 Temple: D:4-7

Altars:
Qazlal
Sif Muna
Vehumet


Innate Abilities, Weirdness & Mutations

You have a pair of small antennae on your head.
Your movements are slightly less encumbered by armour. (ER -2)


Message History

There is a stone staircase leading up here.
The hound barely misses you.
You riposte.
You closely miss the hound. The hound bites you but does no damage.
The scorpion closely misses you.
You climb upwards.
There is a stone staircase leading down here.
You are too injured to fight recklessly!
The hound misses you.
You riposte.
You closely miss the hound. The hound misses you.
You riposte.
You closely miss the hound. The hound barely misses you.
The hound bites you but does no damage. The hound bites you.
The hound completely misses you. The hound misses you.
You riposte.
You closely miss the hound. The hound barely misses you.
The hound bites you but does no damage. The hound bites you.
The hound completely misses you.
You riposte.
You hit the hound but do no damage. You miss the hound.
The hound closely misses you.
You riposte.
You hit the hound.
The hound is lightly wounded.
The hound closely misses you. The hound misses you.
The hound barely misses you.
You barely miss the hound.
The hound is lightly wounded.
The scorpion stings you! The hound barely misses you. The hound misses you.
The scorpion barely misses you. The hound completely misses you.
You riposte.
You hit the hound.
The hound is heavily wounded.
You slash the hound!
You kill the hound!
The hound barely misses you.
You riposte.
You hit the hound but do no damage. The scorpion stings you.
* * * LOW HITPOINT WARNING * * *
The hound bites you.
* * * LOW HITPOINT WARNING * * *
You have reached level 5!
Your demonic ancestry asserts itself...
You feel less encumbered by your armour.
The hound barely misses you. The hound bites you.
You die...

# #.# ##########.# #.........
#####.# #..........# #...##...#
......# #.########## #...###.##
####.## #.# #...# #.# #.# #.#
#...# #.# #(# #.#
#########...###.## #.# #.#
##.................
##.#####.####.hs.....>.#.#.#.##
#...†......###@.######.).......
#........#.# #..# #.........
#.########.# #..# #..##.....
#.# #.# #.## #..####.## #.# #.#
#.# #......... #.# #.# #.#
#..####... #.# #.###.#######..#
##.. #.# #..............# #..
#.# ####...######.## #..


You could see a scorpion and a hound.

Vanquished Creatures
  A hound (D:3)
  4 adders
  3 dart slugs (D:3)
  6 orcs (D:3)
  4 ball pythons
  7 endoplasms
  4 giant cockroaches
  4 goblins
  7 hobgoblins
  8 jackals (D:3)
  3 bats
  2 frilled lizards (D:2)
  3 kobolds
  7 rats
63 creatures vanquished.

Vanquished Creatures (others)
  A kraken (D:1)
  A ghoul (D:1)
  A gargoyle (D:1)
  A vine stalker (D:1)
  An elf (D:1)
  A formicid (D:1)
  3 spriggans (D:1)
  An ogre (D:1)
  A centaur (D:1)
  7 tentacles (D:1)
18 creatures vanquished.

Grand Total: 81 creatures vanquished

Notes
Turn   | Place    | Note
-------+----------+-------------------------------------------
     0 | D:1      | polve the Demonspawn Gladiator began the quest for the Orb.
     0 | D:1      | Reached XP level 1. HP: 16/16 MP: 1/1
     2 | D:1      | Noticed a vine stalker
     2 | D:1      | Noticed a spriggan
     2 | D:1      | Noticed a gargoyle
     2 | D:1      | Noticed a ghoul
     2 | D:1      | Noticed a spriggan
     2 | D:1      | Noticed an ogre
     2 | D:1      | Noticed a vampire
     2 | D:1      | Noticed a kraken
     2 | D:1      | Noticed a spriggan
     2 | D:1      | Noticed an elf
     2 | D:1      | Noticed a troll
     2 | D:1      | Noticed a formicid
     2 | D:1      | Noticed a centaur
     2 | D:1      | Noticed a ghoul
     2 | D:1      | Noticed a ghoul
     2 | D:1      | Noticed a naga
     3 | D:1      | Killed a gargoyle
     4 | D:1      | Killed a centaur
     5 | D:1      | Killed a spriggan
     5 | D:1      | Killed an ogre
     5 | D:1      | Killed a vine stalker
     6 | D:1      | Killed an elf
     8 | D:1      | Killed a formicid
     9 | D:1      | Killed a ghoul
    13 | D:1      | Killed a spriggan
    13 | D:1      | Killed a spriggan
    16 | D:1      | Killed a kraken
    95 | D:1      | Reached skill level 3 in Long Blades
   447 | D:1      | Gained mutation: You have a pair of small antennae on your
                  | head. [demonic ancestry]
   447 | D:1      | Reached XP level 2. HP: 22/22 MP: 2/2
  1016 | D:2      | Reached XP level 3. HP: 12/27 MP: 3/3
  1400 | D:2      | Reached skill level 4 in Long Blades
  1775 | D:3      | Reached XP level 4. HP: 33/33 MP: 4/4
  1849 | D:3      | Found a radiant altar of Vehumet.
  2295 | D:3      | Found a large runed translucent door.
  2296 | D:3      | Found a large runed translucent door.
  2614 | D:3      | Reached skill level 5 in Long Blades
  2688 | D:3      | Found a stormy altar of Qazlal.
  2691 | D:3      | Found a shimmering blue altar of Sif Muna.
  2725 | D:4      | Noticed a scorpion
  2744 | D:3      | Gained mutation: Your movements are slightly less
                  | encumbered by armour. (ER -2) [demonic ancestry]
  2744 | D:3      | Reached XP level 5. HP: 4/38 MP: 5/5
  2744 | D:3      | Slain by a hound

Illustrated notes

Levels and vault maps discovered:
D:1:      nicolae_arrival_kraken_aquarium_b, layout_rooms
D:2:      layout_rooms, minmay_heptomino_o4
D:3:      layout_loops_ring, amcnicky_altar_gilded, jmf_multi_god_temple2
D:4:      layout_gridville, gammafunk_ghost_icy, minmay_fractal_squares_5

Skill      XL: |  1  2  3  4 |
---------------+-------------+-----
Long Blades    | 3 4 5 |  5.3
Fighting       | |  2.0
Throwing       | |  1.7
Dodging        | |  2.6

Action                   |  1- 3 |  4- 6 || total
-------------------------+-------+-------++-------
Melee: Long sword        |    87 |    68 ||   155
 Stab: Sleeping          |     1 |       ||     1
Armor: Leather armour    |    21 |    22 ||    43
Dodge: Dodged            |    84 |   108 ||   192
       Rpst.: Long sword |    25 |    33 ||    58

Table legend: (Time is in decaauts)
 A = Elapsed time spent in this place.
 B = Non-inter-level travel time spent in this place.
 C = Inter-level travel time spent in this place.
 D = Time resting spent in this place.
 E = Time spent auto-exploring this place.
 F = Levels seen in this place.
 G = Mean time per level.
                   A        B        C        D        E       F      G
               +--------+--------+--------+--------+--------+-----+--------+
         Total |   2778 |   2685 |     93 |      0 |   2265 |   4 |  694.5 |
       Dungeon |   2778 |   2685 |     93 |      0 |   2265 |   4 |  694.5 |
               +--------+--------+--------+--------+--------+-----+--------+

Top non-repeatable levels by time:
     D:3: 1017 daAuts
     D:2: 1005 daAuts
     D:1: 747 daAuts
     D:4: 7 daAuts
